 Dungeon Crawl Stone Soup version 0.29.0-4-gdea44cf6ec (webtiles) character file.

Game seed: 14281445426125012296

82 qw the Chopper (level 4, 0/26 HPs)
             Began as a Tengu Warper on Aug 28, 2022.
             Succumbed to Sigmund's poison
             ... on level 3 of the Dungeon.
             The game lasted 00:00:11 (2357 turns).

qw the Chopper (Tengu Warper)                       Turns: 2357, Time: 00:00:11

Health: 0/26       AC:  6    Str: 13    XL:     4   Next: 43%
Magic:  8/8        EV: 11    Int: 10    God:
Gold:   73         SH:  0    Dex: 13    Spells: 7/7 levels left

rFire   . . .      SeeInvis .   g - +0 war axe
rCold   . . .      Faith    .   (no shield)
rNeg    + . .      Spirit   .   f - +0 ring mail
rPois   .          Reflect  .   (helmet restricted)
rElec   +          Harm     .   d - +0 cloak "Feefufud" {rElec rCorr Int-4}
rCorr   +          Rampage  .   (no gloves)
Will    .....                   (boots unavailable)
Stlth   +.........              (no amulet)
HPRegen 0.08/turn               e - ring of positive energy
MPRegen 0.11/turn               (no ring)

@: lethally poisoned (0 -> -5)
A: beak, talons 3
a: no special abilities


You were on level 3 of the Dungeon.
You visited 1 branch of the dungeon, and saw 3 of its levels.

You collected 73 gold pieces.


Innate Abilities, Weirdness & Mutations

You have a beak for a mouth.
You have claws for feet.


   Skills:
 - Level 2.0 Fighting
 + Level 5.0 Axes
 - Level 1.0 Throwing
 - Level 1.1 Armour
 - Level 2.1 Dodging
 - Level 2.0 Spellcasting
 - Level 2.4 Translocations


You had 7 spell levels left.
You didn't know any spells.
Your spell library contained the following spells:

 Spells                   Type           Power      Damage    Failure   Level
 Blink                    Tloc           10%        N/A       36%         2
 Gell's Gravitas          Tloc           5%         N/A       58%         3
 Lesser Beckoning         Tloc           5%         N/A       58%         3
 Teleport Other           Tloc           5%         N/A       58%         3
 Manifold Assault         Tloc           5%         N/A       100%        5

Inventory:

Hand Weapons
 g - a +0 war axe (weapon)
 h - a +0 whip
Armour
 d - the +0 cloak "Feefufud" (worn) {rElec rCorr Int-4}
   (You found it on level 2 of the Dungeon)

   Int:       It affects your intelligence (-4).
   rElec:     It insulates you from electricity.
   rCorr:     It protects you from acid and corrosion.
 f - a +0 ring mail (worn)
Jewellery
 e - a ring of positive energy (left hand)
Scrolls
 a - a scroll of identify
 b - a scroll of fear {unknown}
Potions
 c - a potion of curing
 j - a potion of might

Dungeon Overview and Level Annotations

Branches:
Dungeon (3/15)

Altars:
Kikubaaqudgha

Shops:
D:2 *:!:


Message History

Sigmund moves out of view.
Enter note:
Found a short sword.
Sigmund smiles chillingly.
Sigmund says, "Your kind have come here before.
I understand now why.
You desire death..."
Sigmund hits you but does no damage.
You are poisoned.
You closely miss Sigmund. You claw Sigmund.
Sigmund is lightly wounded.
You feel very sick.
Sigmund flickers, as though insubstantial.
Sigmund points at you and mumbles some strange words.
The puff of flame hits you.
You barely miss Sigmund. Your peck misses Sigmund.
Sigmund is lightly wounded.
You feel sick.
Sigmund hits you with a +1 scythe of venom!
You closely miss Sigmund. Your kick misses Sigmund. Your peck misses Sigmund.
Sigmund is lightly wounded.
You feel sick. Sigmund closely misses you.
You closely miss Sigmund. You claw Sigmund! You peck Sigmund, but do no damage.
Sigmund is heavily wounded.
You feel sick. Sigmund misses you.
You closely miss Sigmund. You claw Sigmund.
Sigmund is heavily wounded.
You feel sick.
Sigmund hits you with a +1 scythe of venom.
You are lethally poisoned!
2355 ||| READING scroll of teleportation.
As you read the scroll of teleportation, it crumbles to dust.
You feel strangely unstable.
You feel sick.
You hit Sigmund. You claw Sigmund.
Sigmund is severely wounded.
You feel sick. Sigmund completely misses you.
You hit Sigmund but do no damage. You claw Sigmund.
You kill Sigmund!
Your surroundings suddenly seem different.
Found 6 gold pieces.
You die...

#.# #.# ....### #.# ..#
#.....# #.# #.# #.....#
#.# #.# #.....# #.# #.#
#.....## #.# #.# #......
#@# #.#
#)..#.......$..... ..
###.###...#......####...
#.# .............)...#
.. #.###
###.###...####..## #.#
#.... ....(...........
#~ #.######....
###.###...########~#
#........... ##.###...#
#~~~##......[....
##....#########
#~~~~#...........


There were no monsters in sight!

Vanquished Creatures
  Sigmund (D:3)
  Natasha (D:3)
  2 adders (D:2)
  A worm (D:2)
  2 dart slugs
  4 endoplasms
  4 giant cockroaches
  2 goblins (D:1)
  3 hobgoblins
  2 quokkas
  2 ball pythons (D:2)
  2 bats
  2 frilled lizards (D:1)
  3 kobolds (D:2)
  2 rats
33 creatures vanquished.

Notes
Turn   | Place    | Note
-------+----------+-------------------------------------------
     0 | D:1      | qw the Tengu Warper began the quest for the Orb.
     0 | D:1      | Reached XP level 1. HP: 12/12 MP: 4/4
     0 | D:1      | 0 ||| qw: Version: 0.1-a-89-g26bdef1
     0 | D:1      | 0 ||| qw: Game counter: 2894
     0 | D:1      | 0 ||| qw: Always use a shield: true
     0 | D:1      | 0 ||| qw: God list: Okawaru
     0 | D:1      | 0 ||| qw: Allow faded altars: false
     0 | D:1      | 0 ||| qw: Do Orc after D:15 true
     0 | D:1      | 0 ||| qw: Do second Lair branch before Depths: true
     0 | D:1      | 0 ||| qw: Lair rune preference: random
     0 | D:1      | 0 ||| qw: Plans: Normal
     0 | D:1      | 0 ||| PLANNING D:1-11
    81 | D:1      | 81 ||| Stepping ~*~*~tactically~*~*~ (hiding).
   190 | D:1      | Reached skill level 3 in Axes
   190 | D:1      | Reached XP level 2. HP: 12/17 MP: 6/6
   915 | D:1      | 915 ||| UPGRADING to ring of positive energy.
   916 | D:1      | 916 ||| READING 2 scrolls labelled KIDAM EZYPHET.
   917 | D:1      | 917 ||| READING 2 scrolls labelled WEVELIUFASS.
   921 | D:1      | 921 ||| READING scroll labelled IFEPLA YRAOS.
   922 | D:1      | 922 ||| READING scroll labelled ATIOMI ETULALY.
   923 | D:1      | 923 ||| DRINKING 2 orange potions.
   924 | D:1      | 924 ||| DROPPING scroll of blinking.
   925 | D:1      | 925 ||| READING scroll of teleportation.
   979 | D:2      | 979 ||| Stepping ~*~*~tactically~*~*~ (stealth).
   985 | D:2      | Reached XP level 3. HP: 17/21 MP: 7/7
  1129 | D:2      | Found Jixatoak's Distillery.
  1135 | D:2      | 1135 ||| Stepping ~*~*~tactically~*~*~ (stealth).
  1144 | D:2      | HP: 5/21 [poisoned by an adder]
  1145 | D:2      | HP: 2/21 [adder (2)]
  1147 | D:2      | Reached skill level 4 in Axes
  1423 | D:2      | 1423 ||| SHOPLISTING potion of haste (130 gold, have 23).
  1423 | D:2      | 1423 ||| SHOPLISTING potion of heal wounds (65 gold, have
                  | 23).
  1423 | D:2      | 1423 ||| SHOPLISTING potion of mutation (104 gold, have
                  | 23).
  1423 | D:2      | 1423 ||| SHOPLISTING potion of resistance (130 gold, have
                  | 23).
  1428 | D:2      | Found a faded altar of an unknown god.
  1470 | D:2      | Found Kebewarch's Book Shoppe.
  1578 | D:2      | 1578 ||| Stepping ~*~*~tactically~*~*~ (stealth).
  1579 | D:2      | 1579 ||| Stepping ~*~*~tactically~*~*~ (stealth).
  1588 | D:2      | Identified the +0 cloak "Feefufud" {rElec rCorr Int-4}
  1603 | D:2      | 1603 ||| Stepping ~*~*~tactically~*~*~ (stealth).
  1605 | D:2      | 1605 ||| Stepping ~*~*~tactically~*~*~ (stealth).
  1617 | D:2      | 1617 ||| FLEEEEING.
  1670 | D:2      | Found Suffih's Book Shoppe.
  1823 | D:2      | Found an ancient bone altar of Kikubaaqudgha.
  1824 | D:2      | 1824 ||| SWAPPING to +0 war axe.
  1827 | D:2      | 1827 ||| DROPPING +1 hand axe.
  1836 | D:2      | Found Ciadgho's General Store.
  1845 | D:2      | 1845 ||| SHOPLISTING amulet of regeneration (330 gold, have
                  | 53).
  1845 | D:2      | 1845 ||| SHOPLISTING potion of heal wounds (55 gold, have
                  | 53).
  1845 | D:2      | 1845 ||| SHOPLISTING potion of mutation (88 gold, have 53).
  2130 | D:2      | 2130 ||| UPGRADING to +0 cloak "Feefufud" {rElec rCorr
                  | Int-4}.
  2135 | D:2      | 2135 ||| UPGRADING to +0 ring mail.
  2145 | D:2      | 2145 ||| DROPPING +0 leather armour.
  2146 | D:2      | 2146 ||| DRINKING 2 dark potions.
  2196 | D:3      | Reached XP level 4. HP: 26/26 MP: 8/8
  2230 | D:3      | Noticed Natasha
  2239 | D:3      | Killed Natasha
  2240 | D:3      | Reached skill level 5 in Axes
  2347 | D:3      | Noticed Sigmund
  2354 | D:3      | HP: 5/26 [Sigmund/+1 scythe of venom (2)]
  2355 | D:3      | 2355 ||| READING scroll of teleportation.
  2356 | D:3      | HP: 2/26 [poisoned by Sigmund]
  2357 | D:3      | Killed Sigmund
  2357 | D:3      | Succumbed to Sigmund's poison

Levels and vault maps discovered:
D:1:      dpeg_arrival_leaves_temple_mockup, layout_basic,
          minmay_misc_feat_four_crosses
D:2:      layout_basic, serial_shops, shop, nicolae_square_shop, shop,
          nicolae_shop_advertising_works [nicolae_subvault_shop_adworks],
          shapermc_ecumenical_altar_totnotflames, basic_altar,
          minmay_tetromino_t2
D:3:      layout_basic, grunt_temple_overflow_opulence,
          chequers_serial_rivers_large_a, uniq_sigmund, uniq_natasha

Skill      XL: |  1  2  3  4 |
---------------+-------------+-----
Axes           | 3 4 5 |  5.0
Fighting       | |  2.0
Throwing       | |  1.0
Armour         | |  1.1
Dodging        | |  2.1
Spellcasting   | |  2.0
Translocations | |  2.4

Action                   |  1- 3 |  4- 6 || total
-------------------------+-------+-------++-------
Melee: Hand axe          |    48 |       ||    48
       Kick              |    12 |     7 ||    19
       Peck              |     4 |     1 ||     5
       War axe           |    12 |    14 ||    26
Throw: Boomerang         |     7 |       ||     7
  Use: Scroll            |     5 |     1 ||     6
       Potion            |     2 |       ||     2
Armor: Leather armour    |     9 |       ||     9
       Ring mail         |       |     2 ||     2
Dodge: Dodged            |    29 |    10 ||    39

Table legend:
 A = Non-vault XP
 B = Vault XP
 C = Vault XP percentage of total XP
 D = Non-vault monster count
 E = Vault monster count
 F = Vault count percentage of total count
                 A         B        C        D         E       F
            +---------+---------+-------+---------+---------+-------
      Total |      80 |     261 |  76.5 |      29 |       4 |  12.1
            +---------+---------+-------+---------+---------+-------
        D:1 |      24 |       0 |   0.0 |      12 |       0 |   0.0
        D:2 |      51 |       3 |   5.6 |      14 |       2 |  12.5
        D:3 |       5 |     258 |  98.1 |       3 |       2 |  40.0
            +---------+---------+-------+---------+---------+-------
